 Dungeon Crawl Stone Soup version 0.28-a0-630-g0357d9c091 (webtiles) character file.

Game seed: 1894035727342787575

13832 MacCMillion the Grappler (level 11, -2/79 HPs)
             Began as a Demonspawn Fighter on Oct 9, 2021.
             Was a Believer of Kikubaaqudgha.
             Succumbed to Nessos's poison
             ... on level 4 of the Lair of Beasts.
             The game lasted 01:09:11 (20297 turns).

MacCMillion the Grappler (Demonspawn Fighter)      Turns: 20297, Time: 01:09:12

Health: -2/79      AC: 14    Str: 25    XL:     11   Next: 80%
Magic:  11/11      EV: 11    Int: 11    God:    Kikubaaqudgha [**....]
Gold:   587        SH:  6    Dex: 18    Spells: 2/10 levels left

rFire   . . .      SeeInvis .     - Unarmed
rCold   . . .      Faith    .   c - +0 buckler
rNeg    . . .      Spirit   .   H - +0 storm dragon scales
rPois   .          Reflect  .   (helmet restricted)
rElec   +          Harm     .   m - +0 cloak
rCorr   .          Rampage  .   (no gloves)
Will    .....                   G - +0 pair of boots
Stlth   ..........              M - amulet of magic regeneration
HPRegen 0.23/turn               g - +6 ring of dexterity
MPRegen 0.37/turn               U - +6 ring of strength

@: lethally poisoned (-2 -> -22)
A: antennae 2, claws 2, hooves 2, ignite blood 1, spiny 1
a: Renounce Religion, Receive Corpses


You were on level 4 of the Lair of Beasts.
You worshipped Kikubaaqudgha.
Kikubaaqudgha was pleased with you.
You visited 3 branches of the dungeon, and saw 15 of its levels.
You also visited: Sewer.

You collected 587 gold pieces.

Inventory:

Hand Weapons
 a - a +0 rapier of protection
 d - the +8 whip of Dried Tears {drain, *Rage rElec Int+6 Stlth+}
   (You found it on level 4 of the Dungeon)

   A truly terrible weapon, it drains the life of any living foe it strikes.
   Int:       It affects your intelligence (+6).
   rElec:     It insulates you from electricity.
   *Rage:     It berserks you when you make melee attacks (+20% chance).
   Stlth:     It makes you more stealthy.
 f - a +2 dagger of venom
Armour
 c - a +0 buckler (worn)
 m - a +0 cloak (worn)
 o - a +0 kite shield
 F - the +0 ring mail of Jiboeb {Will+ MP+9}
   (You found it on level 7 of the Dungeon)

   MP:        It affects your magic capacity (+9).
   Will:      It increases your willpower.
 G - a +0 pair of boots (worn)
 H - +0 storm dragon scales (worn)
 R - a +1 leather armour of cold resistance
Jewellery
 b - a +6 ring of intelligence
 g - a +6 ring of dexterity (left claw)
 u - a ring of see invisible
 M - an amulet of magic regeneration (around neck)
 U - a +6 ring of strength (right claw)
 V - a ring of wizardry
Wands
 p - a wand of polymorph (11)
 q - a wand of flame (11)
 K - a wand of mindburst (21)
 L - a wand of charming (14)
 W - a wand of digging (3)
Scrolls
 h - a scroll of silence
 j - a scroll of fog {unknown}
 k - 4 scrolls of enchant weapon
 v - a scroll of acquirement {unknown}
 x - 2 scrolls of immolation {unknown}
 y - a scroll of brand weapon
 A - 2 scrolls of enchant armour {unknown}
 B - a scroll of noise
 C - 3 scrolls of teleportation {unknown}
 E - 4 scrolls of torment
 I - a scroll of amnesia {unknown}
 J - 2 scrolls of blinking
 N - a scroll of fear
 O - 2 scrolls of magic mapping {unknown}
 P - 2 scrolls of identify
Potions
 e - 4 potions of curing
 i - 3 potions of flight
 l - 5 potions of cancellation
 n - 3 potions of invisibility
 r - 4 potions of mutation
 s - 2 potions of heal wounds
 t - 4 potions of magic
 w - a potion of resistance {unknown}
 z - a potion of degeneration {unknown}
 D - 2 potions of lignification {unknown}
 Q - a potion of might
 S - 3 potions of berserk rage {unknown}
 T - a potion of brilliance {unknown}


   Skills:
 - Level 5.0 Fighting
 - Level 1.7 Short Blades
 - Level 2.2 Maces & Flails
 - Level 5.0 Armour
 - Level 5.0 Dodging
 + Level 7.1 Shields
 + Level 10.8 Unarmed Combat
 + Level 9.3 Necromancy
 - Level 1.6 Transmutations
 - Level 5.0 Evocations


You had 2 spell levels left.
You knew the following spells:

 Your Spells              Type           Power      Damage    Failure   Level
a - Vampiric Draining     Necr           10%        2d7       14%         3
b - Agony                 Necr           20%        N/A       80%         5

Your spell library contained the following spells:

 Spells                   Type           Power      Damage    Failure   Level
 Animate Skeleton         Necr           40%        N/A       4%          1
 Pain                     Necr           80%        1d8       4%          1
 Sublimation of Blood     Necr           10%        N/A       8%          2
 Corpse Rot               Necr/Air       N/A        N/A       45%         2
 Wereblood                Tmut           3%         N/A       87%         2
 Scorch                   Fire           0%         2d5       98%         2
 Dazzling Flash           Conj/Hex       0%         N/A       100%        3
 Flame Wave               Conj/Fire      0%         3d3       100%        4
 Hailstorm                Conj/Ice       0%         3d3       100%        4
 Ice Form                 Ice/Tmut       1%         N/A       100%        4
 Silence                  Hex/Air        0%         N/A       100%        5
 Simulacrum               Ice/Necr       5%         N/A       100%        6
 Summon Cactus Giant      Summ           0%         N/A       100%        6
 Summon Hydra             Summ           0%         N/A       100%        7


Dungeon Overview and Level Annotations

Branches:
Dungeon (10/15)            Temple (1/1) D:7            Lair (4/6) D:8
  Snake (0/4) Lair:3        Sewer (visited)
  Swamp: Lair:2-4    Shoals: Lair:2-4       Orc: D:9-12

Altars:
Ashenzari
Cheibriados
Dithmenos
Elyvilon
Fedhas
Gozag
Hepliaklqana
Kikubaaqudgha
Makhleb
Nemelex Xobeh
Okawaru
Qazlal
Ru
Sif Muna
Trog
Uskayaw
Vehumet
Wu Jian
Xom
Yredelemnul
Zin
The Shining One

Portals:
Abyss: Lair:1

Annotations:
D:6 1 runed translucent door, WhatIsLove's ghost, novice DjIE
Lair:1 2 transporters, Lymetel's ghost, journeyman TrMo
Lair:4 Nessos


Innate Abilities, Weirdness & Mutations

You have a pair of antennae on your head.
You have very sharp fingernails.
You have hoof-like feet.
Your demonic aura sometimes causes spilled blood to erupt in flames.
You are partially covered in sharp spines.


Message History

You feel yourself speed up.
You see here a torpor snail corpse.
HP restored.
Found 14 arrows.
A death yak comes into view.
The death yak bellows!
A death yak comes into view.
Nessos the Markscentaur comes into view.
They are wearing a +1 barding of cold resistance.
There are monsters nearby!
Nessos mumbles some strange words.
Nessos seems to speed up.
Nessos wields a +1 longbow of flaming.
It bursts into flame!
Nessos shoots an arrow.
The arrow hits you!! The arrow burns you!
You are poisoned.
You hear a bleat!
You hear an angry growl.
You feel very sick.
A dream sheep comes into view.
Nessos shoots an arrow.
The arrow hits you!! The arrow burns you!
You hear an angry hiss.
You feel very sick.
Nessos shoots an arrow.
The arrow closely misses you.
You feel sick.
Nessos gestures wildly while chanting.
Nessos blinks!
Nessos shoots an arrow.
The arrow hits you.
* * * LOW HITPOINT WARNING * * *
The arrow burns you.
You are more poisoned.
* * * LOW HITPOINT WARNING * * *
The dream sheep ruffles its wool and motes of dream dust sparkle, to no effect.
* * * LOW HITPOINT WARNING * * *
You feel very sick.
Nessos shoots an arrow.
The arrow hits you.
* * * LOW HITPOINT WARNING * * *
The arrow burns you.
You are more poisoned.
* * * LOW HITPOINT WARNING * * *
Nessos casts a spell.
Nessos blinks!
You die...
Kikubaaqudgha rasps: "You have failed me!
Welcome... death!"

.........# ##..........
.........# #..........
.........### ##.........
...........# #..........
...........#######.........
.............#[............
##.........................
##...§.##................#
#.#..#....@..............##
#...c.<.................#
#...#...#.....PPY.......# #
#.####..#....###......### #
## .....#....##....###
###...#Y..#####..#
##..§#.## #..8.+ #...###
#.....# ..#... #....###


You could see a death yak, Nessos (fast) and a dream sheep.

Vanquished Creatures
  A hydra (Lair:3)
  Nergalle (D:8)
  A torpor snail (Lair:4)
  4 cane toads
  An unseen horror (D:10)
  3 komodo dragons (Lair:1)
  2 hornets
  A raiju (shapeshifter) (D:9)
  A shadow (D:9)
  A wyvern (D:10)
  15 yaks (D:10)
  2 wraiths
  2 basilisks
  A fire elemental (Lair:2)
  A steam dragon (D:9)
  2 nagas (Lair:3)
  Duvessa (D:6)
  6 water moccasins
  A black bear (D:8)
  An ice beast (D:5)
  3 orc warriors
  2 ogres
  A sky beast (D:6)
  A hornet zombie (D:9)
  2 centaurs (D:5)
  A necrophage (D:9)
  8 wolves (Lair:2)
  A kobold brigand (Sewer)
  5 bullfrogs
  Blork the orc (D:4)
  2 gnoll sergeants
  2 scorpions
  Dowan (D:6)
  3 jellies
  A wyvern skeleton (D:7)
  14 killer bees
  3 wights (D:9)
  5 howler monkeys
  A bullfrog zombie (D:7)
  8 centaur zombies
  4 hounds (D:6)
  A human zombie (D:9)
  8 orc priests
  A gnoll shaman (D:9)
  A bullfrog skeleton (D:6)
  Terence (D:2)
  4 iguanas
  7 orc wizards
  Natasha (thrice) (D:3)
  3 hound skeletons
  A mummy (D:8)
  Robin (D:1)
  A howler monkey zombie (D:8)
  10 gnolls
  3 river rats (Sewer)
  10 adders
  A white imp (D:7)
  An adder skeleton (D:4)
  A worm (D:4)
  6 dart slugs
  30 orcs
  6 bats
  5 endoplasms
  2 giant cockroaches (D:1)
  18 goblins
  8 hobgoblins
  7 jackals
  5 quokkas
  15 ball pythons
  7 frilled lizards
  19 kobolds
  27 rats
  A butterfly (D:7)
331 creatures vanquished.

Vanquished Creatures (others)
  22 fungi
  18 plants
40 creatures vanquished.

Grand Total: 371 creatures vanquished

Notes
Turn   | Place    | Note
-------+----------+-------------------------------------------
     0 | D:1      | MacCMillion the Demonspawn Fighter began the quest for the
                  | Orb.
     0 | D:1      | Reached XP level 1. HP: 18/18 MP: 1/1
     2 | D:1      | Noticed a minotaur
     2 | D:1      | Noticed a felid
     4 | D:1      | Noticed a dwarf
     6 | D:1      | Noticed a gargoyle
     8 | D:1      | Noticed a naga
     8 | D:1      | Noticed a human
    10 | D:1      | Noticed a vine stalker
    12 | D:1      | Noticed a vampire
    14 | D:1      | Noticed an ogre
    14 | D:1      | Noticed a merfolk
    16 | D:1      | Noticed a demonspawn
    16 | D:1      | Noticed a spriggan
    18 | D:1      | Noticed a formicid
    18 | D:1      | Noticed a ghoul
    20 | D:1      | Noticed a demigod
    20 | D:1      | Noticed an elf
    22 | D:1      | Noticed a troll
    24 | D:1      | Noticed a tengu
    24 | D:1      | Noticed a draconian
    26 | D:1      | Noticed an octopode
   172 | D:1      | Gained mutation: You are partially covered in sharp spines.
                  | [demonic ancestry]
   172 | D:1      | Reached XP level 2. HP: 24/24 MP: 2/2
   717 | D:1      | Reached XP level 3. HP: 22/29 MP: 3/3
   997 | D:1      | Found a faded altar of an unknown god.
  1552 | D:2      | Noticed Robin
  1872 | D:1      | Killed Robin
  1873 | D:1      | Gained mutation: You have sharp fingernails. [demonic
                  | ancestry]
  1873 | D:1      | Reached XP level 4. HP: 25/37 MP: 4/4
  2247 | D:2      | Noticed Terence
  2273 | D:2      | Killed Terence
  2551 | D:2      | Gained mutation: You have very sharp fingernails. [demonic
                  | ancestry]
  2551 | D:2      | Reached XP level 5. HP: 42/42 MP: 5/5
  3106 | D:3      | Reached skill level 1 in Unarmed Combat
  3470 | D:3      | Noticed Natasha
  3476 | D:3      | Killed Natasha
  3480 | D:3      | Gained mutation: You have large cloven feet. [demonic
                  | ancestry]
  3480 | D:3      | Reached XP level 6. HP: 37/49 MP: 6/6
  3523 | D:3      | Noticed Natasha
  3531 | D:3      | Killed Natasha
  3599 | D:3      | Noticed Natasha
  3605 | D:3      | Killed Natasha
  4261 | D:4      | Found a glowing drain.
  4270 | Sewer    | Entered a sewer
  4319 | Sewer    | Reached skill level 2 in Unarmed Combat
  4410 | Sewer    | Reached skill level 5 in Fighting
  4769 | Sewer    | Reached skill level 3 in Unarmed Combat
  4950 | Sewer    | Reached XP level 7. HP: 54/56 MP: 7/7
  5248 | D:4      | Reached skill level 4 in Unarmed Combat
  5274 | D:4      | Identified the +8 whip of Dried Tears {drain, *Rage rElec
                  | Int+6 Stlth+}
  5353 | D:4      | Noticed Blork the orc
  5358 | D:4      | Killed Blork the orc
  5359 | D:4      | Reached skill level 1 in Maces & Flails
  5359 | D:4      | Reached skill level 1 in Dodging
  5715 | D:5      | Entered Level 5 of the Dungeon
  6244 | D:5      | Reached skill level 5 in Unarmed Combat
  6465 | D:5      | Gained mutation: You have a pair of small antennae on your
                  | head. [demonic ancestry]
  6465 | D:5      | Reached XP level 8. HP: 58/62 MP: 8/8
  7279 | D:6      | Noticed a hornet
  7357 | D:6      | Reached skill level 6 in Unarmed Combat
  8037 | D:6      | Found a runed translucent door.
  8089 | D:6      | Found a shimmering altar of Xom.
  8089 | D:6      | Noticed WhatIsLove's ghost (novice DjIE)
  8089 | D:6      | Noticed a +0 scimitar of chaos
  8304 | D:6      | Killed a hornet
  8477 | D:6      | Found a snail-covered altar of Cheibriados.
  9159 | D:7      | Noticed Duvessa
  9191 | D:7      | Identified the +0 ring mail of Jiboeb {Will+ MP+9}
  9386 | D:7      | Noticed Dowan
  9395 | D:6      | Killed Duvessa
  9396 | D:6      | Reached skill level 7 in Unarmed Combat
  9396 | D:6      | Gained mutation: You have a pair of antennae on your head.
                  | [demonic ancestry]
  9396 | D:6      | Reached XP level 9. HP: 56/68 MP: 9/9
  9396 | D:6      | Killed Dowan
  9397 | D:6      | Reached skill level 1 in Evocations
  9638 | D:6      | Reached skill level 5 in Dodging
  9934 | D:7      | Found a staircase to the Ecumenical Temple.
  9966 | Temple   | Entered the Ecumenical Temple
 10050 | Temple   | Became a worshipper of Kikubaaqudgha
 10268 | D:7      | Identified the +5 falchion of Ricygism {protect, +Blink
                  | Dex+3 SInv Stlth+}
 10536 | D:8      | Reached skill level 1 in Necromancy
 10789 | D:8      | Found a sacrificial altar of Ru.
 10827 | D:8      | Found a sparkling altar of Nemelex Xobeh.
 11471 | D:8      | Reached skill level 5 in Armour
 11515 | D:8      | Found a hide-covered altar of Uskayaw.
 11515 | D:8      | Found a radiant altar of Vehumet.
 11560 | D:8      | Found a faded altar of an unknown god.
 11562 | D:8      | Found an opulent altar of Gozag.
 11564 | D:8      | Found a shadowy altar of Dithmenos.
 11596 | D:8      | Reached skill level 8 in Unarmed Combat
 11631 | D:8      | Found a staircase to the Lair.
 11743 | D:8      | Gained mutation: Your demonic aura sometimes causes spilled
                  | blood to erupt in flames. [demonic ancestry]
 11743 | D:8      | Reached XP level 10. HP: 47/74 MP: 10/10
 12215 | D:8      | Reached * piety under Kikubaaqudgha
 12215 | D:8      | Received a gift from Kikubaaqudgha
 12219 | D:8      | Reached skill level 5 in Evocations
 12440 | Lair:1   | Entered Level 1 of the Lair of Beasts
 12467 | Lair:1   | Noticed Nergalle
 12925 | D:8      | Killed Nergalle
 12926 | D:8      | Reached skill level 5 in Necromancy
 13204 | Lair:1   | Reached skill level 9 in Unarmed Combat
 13752 | Lair:1   | Noticed a cane toad
 13760 | Lair:1   | Killed a cane toad
 13847 | Lair:1   | Noticed a spriggan rider
 13850 | Lair:1   | Noticed a worldbinder
 13875 | Lair:1   | Noticed a cyan ugly thing
 13876 | Lair:1   | Found a one-way gate to the infinite horrors of the Abyss.
 14069 | Lair:1   | Noticed a purple ugly thing
 14072 | Lair:1   | Found a transporter.
 14074 | Lair:1   | Noticed a thrashing horror
 14090 | Lair:1   | Found a transporter.
 14282 | Lair:1   | Noticed Lymetel's ghost (journeyman TrMo)
 14374 | Lair:2   | Reached skill level 5 in Shields
 14593 | Lair:2   | You fall into a shaft and drop 2 floors!
 14595 | Lair:4   | Noticed a cane toad
 14598 | Lair:3   | Noticed a cane toad
 15687 | Lair:2   | Learned a level 3 spell: Vampiric Draining
 15788 | Lair:2   | Killed a cane toad
 15789 | Lair:2   | Reached skill level 1 in Transmutations
 15789 | Lair:2   | Gained mutation: You have hoof-like feet. [demonic
                  | ancestry]
 15789 | Lair:2   | Reached XP level 11. HP: 70/79 MP: 11/11
 15842 | Lair:2   | Noticed a six-headed hydra
 16183 | D:9      | Found a basalt altar of Yredelemnul.
 16221 | D:9      | Identified the +8 hand axe of Incongruity {venom, rElec rF-
                  | Dex+5 Stlth+}
 16667 | D:9      | Found a burning altar of Makhleb.
 16667 | D:9      | Noticed an Executioner
 16737 | D:9      | Reached ** piety under Kikubaaqudgha
 16830 | D:9      | Reached skill level 10 in Unarmed Combat
 17150 | D:10     | Entered Level 10 of the Dungeon
 18430 | D:10     | Noticed a two-headed ogre
 18539 | Lair:1   | Learned a level 5 spell: Agony
 18897 | Lair:3   | Noticed a seven-headed hydra
 18911 | Lair:3   | HP: 2/79 [seven-headed hydra (5)]
 18914 | Lair:3   | Killed a seven-headed hydra
 19286 | Lair:3   | Found a staircase to the Snake Pit.
 20286 | Lair:4   | Noticed a death yak
 20286 | Lair:4   | Noticed a death yak
 20286 | Lair:4   | Noticed Nessos
 20296 | Lair:4   | HP: 3/79 [Nessos/arrow (2)]
 20297 | Lair:4   | Succumbed to Nessos's poison

Illustrated notes

Levels and vault maps discovered:
D:1:      kb_arrival_jail, layout_basic, shapermc_ecumenical_altar_petra,
          chequers_serial_rivers_large_b
D:2:      layout_basic, amcnicky_mini_corridor_feature, wad_orctagon,
          uniq_terence, uniq_robin
D:3:      layout_basic, hangedman_decor_opposing, grunt_ministairs_10,
          uniq_natasha
D:4:      layout_rooms, portal_sewer_entry_d, uniq_blork_the_orc
D:5:      layout_basic
D:6:      layout_loops_ring, mainiacjoe_overflow_alcove_1, ebering_ghost_xom,
          minmay_small_thing
D:7:      layout_basic, minmay_temple_entry_butterflies, uniq_duvessa
D:8:      layout_basic, nemelex_xobeh_ov_fountains_minmay,
          nicolae_ru_great_annihilating_truth,
          chequers_temple_overflow_minitemple, grunt_lair_entry_orc_guard_hut
D:9:      layout_loops_ring, makhleb_altar_promises_db,
          lemuel_mausoleum_altar_yredelemnul
D:10:     layout_basic, general_overflow_altar, serial_shops, shop,
          dk_noncrumbling_3
Temple:   nicolae_temple_hex_pool
Lair:1:   layout_hall_layers, gammafunk_ghost_abyssal_escape, uniq_nergalle
Lair:2:   layout_gridlike, serial_bayou_shore_b
Lair:3:   layout_gridlike, guppyfry_snake_entry_island,
          infiniplex_staircase_pool, lemuel_fruit_tree
Lair:4:   layout_cave_shapes, minmay_swamp_entry_worms, grunt_megastairs_4,
          uniq_nessos

Skill      XL: |  1  2  3  4  5  6  7  8  9 10 11 |
---------------+----------------------------------+-----
Armour         | 3 4 5 |  5.0
Shields        | 3 4 5 7 |  7.1
Fighting       | 4 5 |  5.0
Unarmed Combat | 1 3 5 7 8 9 10 | 10.8
Maces & Flails | 2 |  2.2
Dodging        | 1 4 5 |  5.0
Evocations     | 4 5 |  5.0
Necromancy     | 4 7 9 |  9.3
Transmutations | 1 |  1.6
Short Blades   | |  1.7

Action                   |  1- 3 |  4- 6 |  7- 9 | 10-12 || total
-------------------------+-------+-------+-------+-------++-------
Melee: Rapier            |   111 |   178 |    31 |       ||   320
       Kick              |       |    30 |    52 |       ||    82
       Whip              |       |       |   206 |    10 ||   216
       Unarmed           |       |       |       |   385 ||   385
Evoke: Wand              |       |       |     2 |       ||     2
  Use: Scroll            |       |     4 |     7 |     4 ||    15
       Potion            |       |     1 |     3 |     6 ||    10
 Stab: Sleeping          |       |       |     1 |       ||     1
       Paralysed         |       |       |     1 |       ||     1
Armor: Scale mail        |    44 |    50 |    46 |       ||   140
       Storm dragon scal |       |       |    43 |   165 ||   208
       Ring mail         |       |       |       |     5 ||     5
Dodge: Dodged            |    38 |    53 |    86 |   150 ||   327
Block: Buckler           |    32 |    36 |    57 |    89 ||   214

Table legend: (Time is in decaauts)
 A = Elapsed time spent in this place.
 B = Non-inter-level travel time spent in this place.
 C = Inter-level travel time spent in this place.
 D = Time resting spent in this place.
 E = Time spent auto-exploring this place.
 F = Levels seen in this place.
 G = Mean time per level.
                   A        B        C        D        E       F      G
               +--------+--------+--------+--------+--------+-----+--------+
         Total |  20652 |  19855 |    797 |   6876 |   9505 |  16 | 1290.8 |
       Dungeon |  14990 |  14398 |    592 |   4722 |   6999 |  10 | 1499.0 |
        Temple |     96 |     84 |     12 |      0 |     61 |   1 |   96.0 |
          Lair |   4568 |   4375 |    193 |   1784 |   2070 |   4 | 1142.0 |
         Sewer |    997 |    997 |      0 |    369 |    374 |   1 |  997.0 |
               +--------+--------+--------+--------+--------+-----+--------+

Top non-repeatable levels by time:
     D:6: 2368 daAuts
     D:8: 2342 daAuts
  Lair:1: 1939 daAuts
     D:5: 1703 daAuts
     D:1: 1623 daAuts
     D:2: 1344 daAuts
    D:10: 1306 daAuts
     D:9: 1238 daAuts
     D:7: 1213 daAuts
     D:3: 1176 daAuts
  Lair:3: 1150 daAuts
   Sewer: 997 daAuts
  Lair:2: 994 daAuts
     D:4: 673 daAuts
  Lair:4: 483 daAuts
